 Dungeon Crawl Stone Soup version 0.30.1-4-g462c640d31 (webtiles) character file.

Game seed: 1092559660704806211

30020 Nick1 the Cleaver (level 13, -5/106 HPs)
             Began as a Formicid Fighter on Sept 15, 2023.
             Was the Champion of Okawaru.
             Slain by a seven-headed hydra (12 damage)
             ... on level 5 of the Lair of Beasts on Sept 16, 2023.
             The game lasted 01:11:28 (12881 turns).

Nick1 the Cleaver (Formicid Fighter)               Turns: 12881, Time: 01:11:29

Health: -5/106     AC: 20    Str: 25    XL:     13   Next: 85%
Magic:  14/14      EV:  8    Int: 12    God:    Okawaru [******]
Gold:   656        SH:  7    Dex: 13    Spells: 12/12 levels left

rFire   + + .        W - +2 great sword (flame)
rCold   . . .        c - +0 buckler
rNeg    . . .        V - +2 plate armour {rF+}
rPois   .            (helmet unavailable)
rElec   .            M - scarf of the Bells {shadows, rCorr Int+3}
rCorr   +            i - +0 pair of gloves
SInv    +            (no boots)
Will    +....        (no amulet) Stlth
                     q - ring of protection from fire
HPRegen 0.37/turn    (no ring)
MPRegen 0.14/turn

%: no passive effects
@: no status effects
A: permanent stasis, dig shafts and tunnels, antennae 3, four strong arms,
iridescent scales 1, mutation resistance 1, wild magic 1
a: Dig, Shaft Self, Renounce Religion, Heroism, Finesse, Duel


You were on level 5 of the Lair of Beasts.
You worshipped Okawaru.
Okawaru was exalted by your worship.
You visited 3 branches of the dungeon, and saw 15 of its levels.
You also visited: Volcano.

You collected 818 gold pieces.
You spent 162 gold pieces at shops.

Inventory:

Hand Weapons
 a - a +0 war axe
 j - a +2 war axe of distortion
 o - a +6 broad axe of freezing
 s - the +9 hammer of Fury {freeze, Will+}
   (You found it on level 3 of the Dungeon)

   Will:      It increases your willpower.
 Q - a +5 battleaxe of freezing
 W - a +2 great sword of flaming (weapon)
Missiles
 C - 2 silver boomerangs
 D - 4 javelins
 E - 2 boomerangs (quivered)
 L - 35 poisoned darts
 P - 2 throwing nets
 U - 4 silver javelins
Armour
 b - a +0 scale mail
 c - a +0 buckler (worn)
 e - a +2 cloak
 i - a +0 pair of gloves (worn)
 n - a +0 plate armour
 t - a +0 cloak
 F - +0 steam dragon scales
 M - the scarf of the Bells (worn) {shadows, rCorr Int+3}
   (Okawaru gifted it to you on level 5 of the Lair of Beasts)

   Int:       It affects your intelligence (+3).
   rCorr:     It protects you from acid and corrosion.
 V - a +2 plate armour of fire resistance (worn)
Jewellery
 q - a ring of protection from fire (left hand)
 x - an amulet of faith
 y - a ring of wizardry
 J - a ring of fire
 O - a ring of magical power
Wands
 d - a wand of flame (21)
 G - a wand of polymorph (9)
 K - a wand of paralysis (23)
Scrolls
 g - a scroll of magic mapping
 h - 2 scrolls of amnesia
 k - 3 scrolls of torment
 p - a scroll of summoning
 u - a scroll of fog
 A - 3 scrolls of poison
 B - a scroll of enchant armour {unknown}
 H - a scroll of vulnerability {unknown}
 R - a scroll of brand weapon {unknown}
 S - a scroll of enchant weapon {unknown}
 T - a scroll of immolation {unknown}
Potions
 f - 3 potions of brilliance
 l - 3 potions of attraction
 m - 3 potions of lignification
 r - 6 potions of curing
 v - a potion of flight
 w - 2 potions of mutation
 z - a potion of magic
 I - a potion of invisibility {unknown}


   Skills:
 * Level 11.1 Fighting
 + Level 1.9 Long Blades
 * Level 14.2(14.6) Axes
 + Level 5.6(10.8) Maces & Flails
 + Level 5.3 Throwing
 * Level 10.7 Armour
 + Level 1.7 Dodging
 * Level 11.1 Shields
 * Level 2.4 Invocations
 + Level 0.3 Evocations


You had 12 spell levels left.
You didn't know any spells.
Your spell library contained the following spells:

 Spells                   Type           Power      Damage    Failure   Level
 Apportation              Tloc           0%         N/A       99%         1
 Necrotise                Necr           0%         1d4       99%         1
 Shock                    Conj/Air       0%         1d3       99%         1
 Ensorcelled Hibernation  Hex/Ice        0%         N/A       100%        2
 Poisonous Vapours        Pois/Air       0%         N/A       100%        2
 Sublimation of Blood     Necr           0%         N/A       100%        2
 Wereblood                Tmut           0%         N/A       100%        2
 Mephitic Cloud           Conj/Pois/Air  0%         N/A       100%        3
 Spider Form              Tmut/Pois      0%         N/A       100%        3
 Airstrike                Air            0%         2d(0-16)  100%        4
 Anguish                  Hex/Necr       0%         N/A       100%        4
 Freezing Cloud           Conj/Ice/Air   0%         6-21      100%        5
 Summon Small Mammal      Summ           Unusable   N/A       N/A         1
 Call Canine Familiar     Summ           Unusable   N/A       N/A         3
 Summon Guardian Golem    Hex/Summ       Unusable   N/A       N/A         3
 Swiftness                Air            Unusable   N/A       N/A         3
 Summon Hydra             Summ           Unusable   N/A       N/A         7

Dungeon Overview and Level Annotations

Branches:
Dungeon (9/15)             Temple (1/1) D:4            Lair (5/5) D:9
Volcano (visited)
  Swamp: Lair:2-3    Shoals: Lair:2-3     Snake: Lair:2-3    Spider: Lair:2-3
  Slime: Lair:4-5       Orc: D:9-12

Altars:
Ashenzari
Hepliaklqana
Kikubaaqudgha
Makhleb
Okawaru
Qazlal
Ru
Sif Muna
Trog
Uskayaw
Vehumet
Wu Jian
Xom

Shops:
D:5 (

Annotations:
D:5 3 runed translucent doors, Nick1's ghost, novice FoFi; middlearthbound's ghost, novice MiFi
D:6 1 runed translucent door, WalktheLine's ghost, novice GnCj
D:7 1 runed translucent door, mrw3rdna's ghost, novice HOFi


Innate Abilities, Weirdness & Mutations

You cannot be hasted, slowed, berserked, paralysed or teleported.
You can dig through walls and to a lower floor.
You have a pair of large antennae on your head. (SInv)
Your four strong arms can wield two-handed weapons with a shield.
You are partially covered in iridescent scales. (AC +2)
You are somewhat resistant to further mutation.
Your spells are a little harder to cast, but a little more powerful.


Message History

You slash the plant! You freeze the plant.
You feel sick. The wolf bites you but does no damage.
The wolf barely misses you.
The wolf bites the fungus.
The fungus begins to die.
The wolf bites you.
You barely miss the wolf. You slash the wolf! You freeze the wolf.
You slash the plant! You freeze the plant. You slash the plant!
You freeze the plant.
You feel sick. The wolf bites you but does no damage.
The wolf bites the plant.
You block the wolf's attack.
You hit the wolf but do no damage. You closely miss the wolf.
You slash the plant! You freeze the plant. You slash the plant!
You freeze the plant.
You feel sick.
A nearby plant withers and dies. x4
The wolf bites you.
* * * LOW HITPOINT WARNING * * *
You block the wolf's attack.
The wolf bites you but does no damage. x2
You feel sick. The wolf closely misses you.
The wolf bites you but does no damage. The wolf barely misses you.
You slice the wolf!! You freeze the wolf!
You kill the wolf!
Okawaru accepts your kill.
You barely miss the wolf. You closely miss the wolf.
You feel sick.
A nearby fungus withers and dies.
You block the wolf's attack.
The wolf bites you but does no damage. x2
The wolf attacks as you move away! The wolf barely misses you.
You feel sick.
You are no longer poisoned.
Your +5 battleaxe of freezing stops glowing.
Your +2 great sword of flaming bursts into flame!
W - a +2 great sword of flaming (weapon)
You lop one of the eight-headed hydra's heads off!
The flame cauterises the wound!
You slash the seven-headed hydra! You burn the seven-headed hydra.
The seven-headed hydra is moderately wounded.
The wolf bites you but does no damage. The wolf closely misses you.
The wolf bites you!
* * * LOW HITPOINT WARNING * * *
The seven-headed hydra bites you but does no damage.
The seven-headed hydra closely misses you.
You block the seven-headed hydra's attack.
The seven-headed hydra bites you!
* * * LOW HITPOINT WARNING * * *
The seven-headed hydra bites you!
You die...

#....# ###..
#.....# .#.#..
#... { ##...##
...... ...$.. .
....P#
......###..... ..
........
.......#..... ...{
.....P..
.......##..# ..
......##
........#..##.#
...##
..........D@.###.
.........†hh......
......#....####...
.♣♣♣...♣....# ..
♣♣♣♣♣..$♣♣ ♣...♣ {
{ ♣♣♣♣♣ { { {


You could see a seven-headed hydra and 2 wolves.

Vanquished Creatures
  A hydra (Lair:2)
  Erica (D:8)
  A death yak (Lair:3)
  2 lindwurms (Volcano)
  Pikel (D:9)
  2 wolf spiders (Lair:1)
  7 elephants
  6 black mambas
  A toenail golem (Volcano)
  A molten gargoyle (Volcano)
  7 gargoyles
  Joseph (Lair:1)
  4 cane toads
  A rime drake (Lair:3)
  8 komodo dragons
  2 efreet (Volcano)
  A troll (D:9)
  7 polar bears
  A blink frog (Lair:3)
  7 dream sheep
  2 wyverns
  30 yaks
  Eustachio (D:6)
  A basilisk (Lair:1)
  3 fire elementals (Volcano)
  A steam dragon (D:7)
  Menkaure (D:7)
  An acid dragon (D:9)
  5 water moccasins
  2 orc warriors
  8 black bears
  5 ice beasts
  A sky beast (D:8)
  9 wolves
  An ogre (D:6)
  2 centaurs (D:7)
  4 lemures (D:9)
  2 phantoms
  A kobold brigand (D:8)
  6 bullfrogs
  A gnoll sergeant (D:6)
  A necrophage (D:4)
  4 earth elementals (Volcano)
  7 scorpions
  4 wights (D:8)
  15 killer bees
  3 howler monkeys (D:8)
  An electric eel (Lair:1)
  3 orc priests (D:6)
  5 jellies
  Crazy Yiuf (D:3)
  5 hounds
  A sleepcap (D:7)
  3 orc wizards
  4 iguanas (D:6)
  A hound skeleton (D:4)
  4 gnolls (D:6)
  18 adders
  2 white imps
  A worm (D:2)
  3 dart slugs
  23 orcs
  9 ball pythons
  4 bats
  7 endoplasms
  7 giant cockroaches
  5 goblins
  7 hobgoblins
  10 jackals
  2 quokkas
  4 frilled lizards
  12 kobolds
  4 rats
  3 fire vortices (Volcano)
332 creatures vanquished.

Notes
Turn   | Place    | Note
-------+----------+-------------------------------------------
     0 | D:1      | Nick1 the Formicid Fighter began the quest for the Orb.
     0 | D:1      | Reached XP level 1. HP: 18/18 MP: 1/1
    25 | D:1      | Reached XP level 2. HP: 19/24 MP: 2/2
   172 | D:1      | Reached XP level 3. HP: 29/30 MP: 3/3
   914 | D:2      | Reached XP level 4. HP: 29/37 MP: 4/4
  1335 | D:2      | Reached skill level 3 in Axes
  1687 | D:3      | Found a stormy altar of Qazlal.
  1687 | D:3      | Found a hide-covered altar of Uskayaw.
  1757 | D:3      | Reached XP level 5. HP: 42/42 MP: 5/5
  1975 | D:3      | Found a runed translucent door.
  1976 | D:3      | Noticed Crazy Yiuf
  1981 | D:3      | Killed Crazy Yiuf
  1984 | D:3      | Identified the +9 hammer of Fury {freeze, Will+}
  2277 | D:3      | Found a faded altar of an unknown god.
  2392 | D:4      | Reached skill level 4 in Axes
  2429 | D:4      | You fall into a shaft and drop 2 floors!
  2458 | D:6      | Reached XP level 6. HP: 49/49 MP: 6/6
  2536 | D:6      | Reached skill level 5 in Axes
  2567 | D:6      | Reached skill level 5 in Shields
  2596 | D:6      | Reached XP level 7. HP: 35/55 MP: 7/7
  2639 | D:6      | Found a sacrificial altar of Ru.
  2706 | D:6      | Found a broken altar of Ashenzari.
  2756 | D:5      | Entered Level 5 of the Dungeon
  2970 | D:5      | Reached skill level 6 in Axes
  2990 | D:5      | Found a runed translucent gate.
  2990 | D:5      | Found a runed translucent gate.
  2990 | D:5      | Found a runed translucent gate.
  2994 | D:5      | Noticed middlearthbound's ghost (novice MiFi)
  2994 | D:5      | Noticed Nick1's ghost (novice FoFi)
  3036 | D:4      | Found a staircase to the Ecumenical Temple.
  3041 | Temple   | Entered the Ecumenical Temple
  3065 | Temple   | Became a worshipper of Warmaster Okawaru
  3293 | D:4      | Reached XP level 8. HP: 53/61 MP: 8/8
  3462 | D:4      | Found a burning altar of Makhleb.
  3482 | D:4      | Reached skill level 5 in Fighting
  4024 | D:5      | Reached skill level 5 in Armour
  4027 | D:5      | Reached skill level 7 in Axes
  4309 | D:5      | Found Renwocw's Antique Weapon Emporium.
  4312 | D:5      | Bought a runed hand axe for 162 gold pieces
  4514 | D:6      | Reached * piety under Okawaru
  4912 | D:6      | Reached skill level 1 in Throwing
  4945 | D:6      | Reached XP level 9. HP: 36/69 MP: 9/9
  5041 | D:6      | Noticed Eustachio
  5056 | D:6      | Killed Eustachio
  5057 | D:6      | Reached skill level 1 in Maces & Flails
  5065 | D:6      | Found a runed translucent door.
  5066 | D:6      | Noticed WalktheLine's ghost (novice GnCj)
  5251 | D:7      | Reached ** piety under Okawaru
  5270 | D:7      | Found a runed translucent door.
  5273 | D:7      | Found a shimmering altar of Xom.
  5273 | D:7      | Noticed mrw3rdna's ghost (novice HOFi)
  5273 | D:7      | Noticed a +4 scimitar of chaos
  5329 | D:7      | Reached skill level 8 in Axes
  5335 | D:7      | Noticed Menkaure
  5520 | D:7      | Noticed a gargoyle
  5524 | D:7      | Killed a gargoyle
  5529 | D:7      | Noticed a gargoyle
  5534 | D:7      | Killed a gargoyle
  5535 | D:7      | Reached skill level 1 in Dodging
  5575 | D:7      | Noticed a gargoyle
  5583 | D:7      | Killed a gargoyle
  5584 | D:7      | Reached XP level 10. HP: 23/77 MP: 10/10
  5755 | D:7      | Noticed a gargoyle
  5759 | D:7      | Killed a gargoyle
  5759 | D:7      | Reached *** piety under Okawaru
  5810 | D:7      | Noticed a gargoyle
  5822 | D:7      | Killed a gargoyle
  5824 | D:7      | Noticed a gargoyle
  5830 | D:7      | Killed a gargoyle
  5990 | D:7      | Killed Menkaure
  6321 | D:7      | Gained mutation: You are clumsy. (Dex -2) [potion of
                  | mutation]
  6321 | D:7      | Gained mutation: You are partially covered in iridescent
                  | scales. (AC +2) [potion of mutation]
  6321 | D:7      | Gained mutation: You are resistant to electric shocks.
                  | (rElec) [potion of mutation]
  6362 | D:8      | Received a gift from Okawaru
  6581 | D:8      | Reached skill level 5 in Maces & Flails
  6820 | D:8      | Noticed Erica
  6830 | D:8      | Reached skill level 9 in Axes
  6846 | D:8      | Killed Erica
  6846 | D:8      | Reached **** piety under Okawaru
  6847 | D:8      | Reached XP level 11. HP: 86/86 MP: 8/11
  7018 | D:8      | Reached skill level 1 in Invocations
  7625 | D:9      | Reached skill level 10 in Axes
  7714 | D:9      | Lost mutation: You are clumsy. (Dex -2) [potion of
                  | mutation]
  7714 | D:9      | Lost mutation: You are resistant to electric shocks.
                  | (rElec) [potion of mutation]
  7714 | D:9      | Gained mutation: You are somewhat resistant to further
                  | mutation. [potion of mutation]
  7714 | D:9      | Gained mutation: Your spells are a little harder to cast,
                  | but a little more powerful. [potion of mutation]
  7736 | D:9      | Noticed Pikel
  7751 | D:9      | Killed Pikel
  8149 | D:9      | Found a staircase to the Lair.
  8450 | Lair:1   | Entered Level 1 of the Lair of Beasts
  8458 | Lair:1   | Reached ***** piety under Okawaru
  8552 | Lair:1   | Found a dark tunnel.
  8654 | Volcano  | Entered a volcano
  8676 | Volcano  | Noticed a toenail golem
  8685 | Volcano  | Killed a toenail golem
  8685 | Volcano  | Received a gift from Okawaru
  8686 | Volcano  | Reached skill level 11 in Axes
  8686 | Volcano  | Reached XP level 12. HP: 82/94 MP: 9/12
  9568 | Volcano  | Received a gift from Okawaru
  9889 | Lair:1   | Noticed Joseph
  9896 | Lair:1   | Received a gift from Okawaru
  9903 | Lair:1   | Reached skill level 10 in Shields
  9904 | Lair:1   | Reached skill level 12 in Axes
  9907 | Lair:1   | Killed Joseph
 10044 | Lair:1   | You fall into a shaft and drop 1 floor!
 10128 | Lair:2   | Received a gift from Okawaru
 10304 | Lair:1   | Received a gift from Okawaru
 10351 | Lair:1   | Reached skill level 10 in Fighting
 10383 | Lair:1   | Reached XP level 13. HP: 54/103 MP: 13/13
 10384 | Lair:1   | Reached skill level 5 in Throwing
 10440 | Lair:1   | Reached skill level 13 in Axes
 10472 | Lair:1   | HP: 5/103 [electric eel/bolt of electricity (9)]
 11298 | Lair:2   | Reached skill level 10 in Armour
 11333 | Lair:2   | Received a gift from Okawaru
 11338 | Lair:2   | Identified the +1 leather armour of Qizelam {rF+ rC+}
 11342 | Lair:2   | Noticed a five-headed hydra
 11355 | Lair:2   | Killed a one-headed hydra
 12087 | Lair:3   | Received a gift from Okawaru
 12160 | Lair:3   | Noticed an eight-headed hydra
 12166 | Lair:3   | You fall into a shaft and drop 2 floors!
 12166 | Lair:5   | Entered Level 5 of the Lair of Beasts
 12262 | Lair:5   | Reached skill level 14 in Axes
 12543 | Lair:4   | Reached skill level 1 in Long Blades
 12547 | Lair:4   | Reached ****** piety under Okawaru
 12568 | Lair:4   | Noticed a six-headed hydra
 12680 | Lair:5   | Identified the scarf of the Bells {shadows, rCorr Int+3}
                  | (Okawaru gifted it to you on level 5 of the Lair of Beasts)
 12680 | Lair:5   | Received a gift from Okawaru
 12840 | Lair:5   | Noticed an ice dragon
 12868 | Lair:4   | You fall into a shaft and drop 1 floor!
 12869 | Lair:5   | Noticed an eight-headed hydra
 12881 | Lair:5   | Slain by a seven-headed hydra

Illustrated notes

Levels and vault maps discovered:
D:1:      ebering_trefoil_3fold, layout_loops_ring
D:2:      layout_loops_corners, minmay_divided_ellipse
D:3:      layout_loops_cross, gammafunk_temple_overflow_pools,
          dreamdust_ecumenical_altar_hidden_monk_grotto, uniq_crazy_yiuf_cottage
D:4:      layout_layer_cave, makhleb_blood_cavern_becter, temple_doors_cd
D:5:      layout_basic, gammafunk_ghost_cemetery, serial_shops, kennysheep_mini,
          minmay_splitting_lines
D:6:      layout_basic, lemuel_doored_altar, ashenzari_altar_1,
          ebering_ghost_reflecting_pool, uniq_eustachio
D:7:      cheibrodos_statue_roulette, layout_rooms, ebering_ghost_xom,
          minmay_misc_feat_alley, uniq_menkaure
D:8:      layout_basic, uniq_erica
D:9:      nicolae_cairo_tiling_very_big, layout_grid_maze,
          grunt_lair_entry_orc_guard_hut, uniq_pikel
Temple:   hc_temple_tempest_star
Lair:1:   minmay_lair_venomous_thicket, layout_gridlike, enter_volcano_4,
          nicolae_quartered_pool_super, uniq_joseph
Lair:2:   beast_lair_carwin_large_3, layout_regular_city,
          chequers_serial_rivers_micro_c
Lair:3:   nzn_winding_woodlands_stair_trap [nzn_winding_woodlands_5x15_default,
          nzn_winding_woodlands_5x15_cabin, nzn_winding_woodlands_5x15_jagged,
          nzn_winding_woodlands_15x15_thick_spiral,
          nzn_winding_woodlands_5x15_twine, nzn_winding_woodlands_5x15_zeroes,
          nzn_winding_woodlands_5x15_sawtooth], layout_chaotic_city,
          nicolae_swamp_entry_splash_gauntlet,
          hellmonk_spider_entry_not_the_bees, ebering_ghost_reflecting_pool
Lair:4:   layout_roguey, minmay_slime_entry_jelly_boxes,
          pdpol_lair_neglected_garden, kennysheep_basilisk_garden,
          grunt_megastairs_1
Lair:5:   hellmonk_lair_end_abyssal_woods, layout_small_grid, ice2_lemuel,
          grunt_megastairs_4

Skill      XL: |  1  2  3  4  5  6  7  8  9 10 11 12 13 |
---------------+----------------------------------------+-----
Fighting       | 4 5 6 7 8 10 11 | 11.1
Axes           | 3 4 5 6 7 8 9 11 12 14 | 14.2
Armour         | 4 6 7 8 9 10 | 10.7
Shields        | 5 6 7 8 9 10 11 | 11.1
Throwing       | 1 2 3 4 5 |  5.3
Maces & Flails | 3 5 |  5.6
Dodging        | 1 |  1.7
Invocations    | 1 2 |  2.4
Long Blades    | 1 |  1.9
Evocations     | |  0.3

Action                     |  1- 3 |  4- 6 |  7- 9 | 10-12 | 13-15 || total
---------------------------+-------+-------+-------+-------+-------++-------
  Melee: War axe           |   109 |   135 |   128 |    53 |       ||   425
         Mace              |       |       |    84 |    56 |       ||   140
         Battleaxe         |       |       |       |   281 |   155 ||   436
         Great sword       |       |       |       |       |    41 ||    41
  Throw: Dart              |       |       |    25 |       |       ||    25
         Boomerang         |       |       |     5 |   134 |    30 ||   169
 Invoke: Heroism           |       |       |       |     8 |     2 ||    10
         Finesse           |       |       |       |     1 |     1 ||     2
Ability: Dig               |       |     1 |     1 |       |       ||     2
         Shaft Self        |       |       |       |       |     2 ||     2
  Evoke: Wand              |       |       |     1 |       |       ||     1
    Use: Scroll            |     3 |     4 |     3 |     5 |     5 ||    20
         Potion            |       |       |     3 |     4 |     3 ||    10
 Armour: Scale mail        |    56 |    10 |       |       |       ||    66
         Plate armour      |       |   104 |   192 |   293 |   185 ||   774
  Dodge: Dodged            |    65 |    51 |    75 |   132 |   102 ||   425
  Block: Buckler           |    39 |    50 |    69 |   126 |    87 ||   371
